Map: [ESL] Hecate

Players

Nanami

  • Race: Protoss Protoss
  • Spawn Location: 1:00

TeebuL - Winner!

  • Race: Protoss Protoss
  • Spawn Location: 7:00

Event: ESL SC2 Masters 2023 Winter (Regional)

VOD

Have the link to the VOD?

Description

Time

  • Played on: Oct. 29, 2023, 8:49 a.m.
  • Length: 12:02

All games in this series

Show
View Real Time Build Order
Export as new Build Order

Nanami Protoss 

Build Orders: Phoenix Opening 

Get SALT Encoding   

  12  0:00  Probe  
  13  0:12  Probe  
  14  0:16  Pylon  
  14  0:24  Probe (Chrono Boost)  
  16  0:36  Probe (Chrono Boost)  
  16  0:37  Gateway  
  16  0:43  Probe (Chrono Boost)  
  16  0:45  Assimilator  
  17  0:51  Probe  
  18  0:57  Assimilator  
  18  1:03  Probe (Chrono Boost)  
  19  1:07  Gateway  
  19  1:13  Probe (Chrono Boost)  
  20  1:18  Probe (Chrono Boost)  
  20  1:24  Cybernetics Core  
  21  1:29  Probe  
  22  1:36  Pylon  
  22  1:41  Probe  
  23  1:54  Probe  
  24  2:01  Warp Gate, Stalker  
  28  2:10  Sentry  
  28  2:11  Pylon  
  28  2:17  Probe  
  29  2:27  Pylon  
  29  2:31  Stalker  
  29  2:33  Sentry  
  34  2:40  Phoenix  
  33  2:49  Nexus  
  33  2:57  Stalker  
  35  3:05  Stalker  
  37  3:09  Probe  
  38  3:17  Pylon  
  38  3:19  Shield Battery  
  38  3:23  Probe  
  39  3:36  Twilight Council  
  39  3:37  Probe  
  39  3:41  Phoenix  
  40  3:49  Probe (Chrono Boost)  
  40  3:51  Stalker  
  40  3:52  Stalker  
  45  4:05  Probe (Chrono Boost)  
  45  4:07  Probe (Chrono Boost)  
  45  4:09  Shield Battery  
  46  4:11  Probe  
  46  4:16  Blink (Chrono Boost)  
  47  4:21  Pylon  
  47  4:23  Probe (Chrono Boost)  
  49  4:24  Probe (Chrono Boost)  
  50  4:32  Probe x2 (Chrono Boost)  
  50  4:37  Probe (Chrono Boost)  
  51  4:38  Probe  
  51  4:40  Phoenix  
  53  4:50  Nexus  
  53  4:53  Robotics Facility  
  53  4:55  Probe  
  53  4:57  Probe  
  54  5:10  Gateway, Probe  
  54  5:13  Gateway  
  56  5:19  Gateway  
  55  5:24  Gateway  
  55  5:26  Shield Battery  
  55  5:31  Gateway  
  55  5:42  Observer (Chrono Boost)  
  56  5:43  Gateway, Stalker  
  56  5:44  Stalker  
  60  5:51  Pylon  
  60  5:59  Warp Prism (Chrono Boost)  
  62  6:06  Stalker  
  64  6:13  Zealot x3  
  70  6:19  Stalker x2  
  70  6:29  Stalker x2  
  72  6:36  Observer  
  72  6:39  Stalker  
  75  6:50  Stalker x2  
  79  6:56  Stalker  
  79  7:00  Probe x2  
  83  7:03  Stalker  
  83  7:08  Stalker  
  85  7:10  Probe  
  85  7:14  Probe  
  87  7:18  Probe  
  87  7:19  Observer  
  87  7:22  Probe  
  87  7:26  Probe (Chrono Boost)  
  79  7:30  Stalker x2, Probe (Chrono Boost)  
  79  7:36  Charge (Chrono Boost)  
  85  7:38  Probe (Chrono Boost)  
  85  7:39  Probe (Chrono Boost)  
  84  7:46  Probe x2 (Chrono Boost)  
  84  7:47  Observer  
  84  7:49  Probe (Chrono Boost)  
  87  7:54  Observer (Chrono Boost)  
  87  7:55  Probe x2  
  90  8:12  Pylon  
  90  8:18  Zealot  
  92  8:21  Pylon  
  92  8:23  Pylon  
  92  8:27  Observer  
  92  8:30  Stalker x4, Pylon  
  100  8:39  Pylon  
  100  8:42  Zealot, Stalker  
  100  8:43  Zealot x2  
  100  8:46  Pylon  
  108  8:54  Zealot x4  
  116  9:00  Probe x2  
  118  9:05  Observer  
  118  9:08  Stalker  
  118  9:09  Zealot, Pylon, Stalker  
  125  9:10  Zealot  
  127  9:17  Zealot x3  
  127  9:23  Stalker  
  133  9:30  Observer  
  117  9:31  Zealot x2  
  117  9:35  Zealot x2  
  97  9:39  Zealot x3  
  91  9:48  Probe  
  78  9:58  Stalker x4  
  84  10:02  Zealot  
  84  10:03  Zealot  
  88  10:11  Zealot x2  
  91  10:15  Shield Battery  
  91  10:21  Zealot  
  86  10:22  Zealot x3  
  86  10:23  Zealot x2  
  86  10:24  Probe  
  86  10:25  Probe  
  89  10:33  Stalker x2  
  83  10:38  Forge  
  81  10:48  Stalker x3  
  83  10:54  Zealot x2  
  87  11:01  Zealot x2  
  83  11:09  Stalker  
  74  11:13  Observer  
  74  11:15  Zealot  
  74  11:16  Zealot x2  
  73  11:22  Stalker  
  75  11:26  Zealot x2  
  71  11:35  Stalker  
  71  11:36  Zealot x2  
  61  11:42  Zealot  
  61  11:43  Zealot  
  65  11:50  Stalker  
  65  11:52  Zealot x2  
Show
View Real Time Build Order
Export as new Build Order

TeebuL Protoss - Winner!

Build Orders: Oracle Opening 

Get SALT Encoding   

  12  0:00  Probe  
  13  0:12  Probe  
  14  0:17  Pylon  
  14  0:24  Probe (Chrono Boost)  
  15  0:36  Probe (Chrono Boost)  
  15  0:37  Gateway  
  16  0:44  Probe (Chrono Boost)  
  16  0:46  Assimilator  
  17  0:51  Probe  
  17  0:56  Assimilator  
  18  1:03  Probe (Chrono Boost)  
  19  1:09  Gateway  
  19  1:15  Probe (Chrono Boost)  
  20  1:21  Probe (Chrono Boost)  
  20  1:25  Cybernetics Core  
  21  1:30  Probe  
  22  1:37  Pylon  
  22  1:42  Probe  
  23  1:55  Probe  
  23  1:58  Warp Gate (Chrono Boost)  
  24  2:02  Stalker  
  24  2:05  Stalker  
  28  2:17  Pylon  
  28  2:22  Pylon  
  28  2:31  Stargate  
  28  2:32  Probe  
  29  2:37  Adept  
  29  2:39  Adept  
  33  2:46  Probe  
  34  3:07  Nexus  
  34  3:12  Oracle (Chrono Boost)  
  35  3:19  Probe  
  38  3:32  Probe  
  38  3:33  Twilight Council  
  39  3:40  Pylon  
  39  3:58  Probe  
  40  4:10  Probe  
  38  4:19  Dark Shrine, Probe (Chrono Boost)  
  38  4:21  Gateway  
  38  4:24  Probe (Chrono Boost), Stalker, Adept  
  40  4:31  Probe (Chrono Boost)  
  44  4:39  Shield Battery, Probe x2 (Chrono Boost)  
  44  4:45  Probe  
  45  4:46  Probe  
  45  4:47  Sentry  
  49  4:57  Probe  
  49  4:58  Probe  
  51  5:03  Blink (Chrono Boost)  
  51  5:08  Assimilator  
  51  5:09  Probe  
  51  5:10  Probe  
  53  5:21  Probe  
  53  5:23  Probe  
  53  5:25  Nexus  
  53  5:28  Pylon  
  55  5:31  Dark Templar  
  55  5:32  Dark Templar  
  55  5:35  Probe  
  60  5:36  Pylon  
  60  5:42  Probe  
  61  5:47  Probe  
  62  5:50  Gateway  
  62  5:51  Gateway  
  62  5:54  Probe  
  63  5:59  Probe  
  62  6:05  Stalker x3  
  68  6:17  Probe  
  69  6:22  Probe  
  70  6:28  Stalker x3  
  70  6:31  Shield Battery, Pylon  
  76  6:33  Gateway  
  73  6:46  Pylon  
  72  6:51  Dark Templar  
  72  6:53  Stalker x4  
  82  7:05  Probe x2  
  82  7:07  Probe  
  85  7:17  Stalker x4, Probe  
  90  7:33  Stalker x2  
  90  7:34  Probe x2  
  90  7:36  Probe  
  93  7:46  Probe  
  93  7:47  Probe  
  93  7:48  Probe, Stalker x3  
  102  7:52  Shield Battery  
  102  7:55  Pylon  
  102  7:56  Stalker  
  104  8:02  Charge (Chrono Boost)  
  104  8:03  Pylon  
  104  8:11  Forge  
  104  8:12  Gateway  
  102  8:23  Gateway  
  102  8:24  Zealot x3  
  102  8:25  Zealot x3  
  114  8:34  Assimilator  
  114  8:38  Robotics Facility  
  114  8:40  Protoss Ground Weapons Level 1 (Chrono Boost), Pylon  
  114  8:47  Photon Cannon  
  114  8:49  Zealot x3, Pylon  
  114  8:52  Photon Cannon  
  120  8:56  Sentry, Zealot  
  124  9:05  Dark Templar  
  124  9:09  Zealot x3, Pylon  
  132  9:10  Zealot  
  132  9:22  Dark Templar, Zealot  
  132  9:23  Zealot  
  122  9:32  Zealot x4  
  110  9:38  Dark Templar  
  100  9:45  Zealot x2  
  100  9:55  Observer  
  100  9:57  Stalker x5  
  100  9:59  Nexus  
  111  10:02  Pylon  
  111  10:06  Probe x2  
  113  10:11  Zealot x3  
  115  10:26  Zealot x5  
  101  10:43  Zealot x3  
  101  10:47  Probe x3  
  101  10:49  Stalker  
  112  10:50  Stalker x4  
  108  11:08  Stalker x3  
  101  11:30  Zealot x2  
  101  11:31  Zealot x6  
  113  11:35  Observer  
  113  11:38  Probe  
  113  11:39  Probe x2  
  109  11:45  Probe  
  109  11:46  Gateway  
  110  11:48  Photon Cannon x2  
  110  11:49  Gateway  
  110  11:57  Zealot x8  
Tags
 
Add a new tag
Caveats
  • Supply blocks, unpowered buildings, or Contaminate may cause inaccurate times.
  • Supply counts are checked every 10 seconds.